 Dungeon Crawl Stone Soup version 0.29-a0-791-ga0f254aafb (webtiles) character file.

Game seed: 13634565239885344927

186 27snakeeyes612 the Chopper (level 5, -1/63 (70) HPs)
             Began as a Minotaur Berserker on July 3, 2022.
             Was a Believer of Trog.
             Slain by a wight
             ... wielding a +0 great sword
              (8 damage)
             ... on level 3 of the Dungeon.
             The game lasted 00:01:37 (2306 turns).

27snakeeyes612 the Chopper (Minotaur Berserker)     Turns: 2306, Time: 00:01:37

HP:   -1/63 (70)    AC: 10    Str: 28    XL:     5   Next: 38%
MP:   4/4           EV: 11    Int:  4    God:    Trog [**....]
Gold: 150           SH:  0    Dex:  9    Spells: 4/4 levels left

rFire   x . .      SeeInvis .   a - +0 hand axe
rCold   + . .      Faith    .   (no shield)
rNeg    . . .      Spirit   .   j - +0 scale mail
rPois   .          Reflect  .   (helmet restricted)
rElec   .          Harm     .   n - +0 cloak
rCorr   .          Rampage  .   p - +1 pair of gloves
Will    +....                   (no boots)
Stlth   ..........              (no amulet)
HPRegen 0.20/turn               l - ring "Judur" {Ice Will+ Str+4}
MPRegen 0.09/turn               (no ring)

@: berserking, heavily drained, very quick
A: horns 2, retaliatory headbutt
a: Renounce Religion, Berserk, Trog's Hand


You were on level 3 of the Dungeon.
You worshipped Trog.
Trog was pleased with you.
You visited 1 branch of the dungeon, and saw 3 of its levels.

You collected 150 gold pieces.

Inventory:

Hand Weapons
 a - a +0 hand axe (weapon)
Armour
 b - a +0 animal skin
 j - a +0 scale mail (worn)
 n - a +0 cloak (worn)
 p - a +1 pair of gloves (worn)
Jewellery
 l - the ring "Judur" (left hand) {Ice Will+ Str+4}
   (You found it on level 2 of the Dungeon)

   [ring of ice]

   It enhances your ice magic.
   Str:       It affects your strength (+4).
   rF:        It makes you vulnerable to fire.
   rC:        It protects you from cold.
   Will:      It increases your willpower.
Scrolls
 d - a scroll of teleportation {unknown}
 h - 4 scrolls of identify {unknown}
 i - 2 scrolls of fog {unknown}
Potions
 c - 2 potions of might {unknown}
 e - 3 potions of lignification {unknown}
 f - a potion of haste {unknown}
 g - 2 potions of ambrosia {unknown}
 k - a potion of resistance {unknown}
 m - a potion of heal wounds {unknown}
 o - 2 potions of mutation {unknown}


   Skills:
 + Level 4.8 Fighting
 + Level 4.8 Axes
 + Level 4.0 Armour
 + Level 3.6 Dodging


You had 4 spell levels left.
You didn't know any spells.
Your spell library was empty.

Dungeon Overview and Level Annotations

Branches:
Dungeon (3/15)

Altars:


Innate Abilities, Weirdness & Mutations

You have a pair of horns on your head.
You reflexively headbutt those who attack you in melee.


Message History

A wight is nearby!
Found 12 gold pieces.
The wight misses you.
You hit the wight.
The wight is lightly damaged.
The wight hits you with a +0 great sword!
You feel drained.
You hit the wight. Your headbutt misses the wight.
The wight is moderately damaged.
The wight hits you with a +0 great sword!
You hit the wight but do no damage.
The wight is moderately damaged.
The wight barely misses you.
You slash the wight! Your headbutt misses the wight.
The wight is severely damaged.
The wight hits you with a +0 great sword!
You feel drained.
You are too injured to fight recklessly!
You are too injured to fight recklessly!
You are too injured to fight recklessly!
You are too injured to fight recklessly!
You are too injured to fight recklessly!
You are too injured to fight recklessly!
You are too injured to fight recklessly!
You are too injured to fight recklessly!
You are too injured to fight recklessly!
You are too injured to fight recklessly!
You are too injured to fight recklessly!
You are too injured to fight recklessly!
You are too injured to fight recklessly!
A red film seems to cover your vision as you go berserk!
You feel yourself moving faster!
You feel mighty!
The wight hits you with a +0 great sword!
* * * LOW HITPOINT WARNING * * *
You feel drained.
* * * LOW HITPOINT WARNING * * *
You closely miss the wight. Your headbutt misses the wight.
The wight is severely damaged.
The wight hits you with a +0 great sword!
You die...

##...# #.......###.#โ‰ˆ#. .>...#
#.#.........#.#โ‰ˆ#. ##...#
#$#.........###โ‰ˆ## ##..#
#.#............... #..##
#.#....).......... #.##
..#....รท......###. ##.###
#.#........#...... #....#
#z#...<......##### #..###
#@#.......#### # ..####
#.####.#).....## # .....#
..........##..## ###
..################....#########..
.####.#.# #..........# #.......#
####..#.####..........###.......#
#..##.........................#
###.###.#############.###........
#.).# #............)).###########


You could see a wight.

Vanquished Creatures
  Crazy Yiuf (D:2)
  Jessica (D:3)
  Natasha (twice) (D:3)
  A gnoll (D:1)
  3 worms
  A dart slug (D:3)
  3 orcs (D:3)
  4 ball pythons
  6 bats
  3 endoplasms
  A giant cockroach (D:1)
  10 goblins
  5 hobgoblins
  3 quokkas
  3 frilled lizards
  7 kobolds
  4 rats (D:1)
58 creatures vanquished.

Vanquished Creatures (others)
  3 fungi (D:2)
3 creatures vanquished.

Grand Total: 61 creatures vanquished

Notes
Turn   | Place    | Note
-------+----------+-------------------------------------------
     0 | D:1      | 27snakeeyes612 the Minotaur Berserker began the quest for
                  | the Orb.
     0 | D:1      | Reached XP level 1. HP: 19/19 MP: 0/0
   100 | D:1      | Reached XP level 2. HP: 17/27 MP: 1/1
   605 | D:1      | Reached XP level 3. HP: 32/33 MP: 2/2
  1109 | D:2      | Reached ** piety under Trog
  1292 | D:2      | Identified the ring "Judur" {Ice Will+ Str+4}
  1705 | D:2      | Found a runed translucent door.
  1706 | D:2      | Noticed Crazy Yiuf
  1714 | D:2      | Killed Crazy Yiuf
  1715 | D:2      | Reached XP level 4. HP: 41/41 MP: 3/3
  1854 | D:3      | Noticed Jessica
  1860 | D:3      | Killed Jessica
  2123 | D:3      | Noticed Natasha
  2130 | D:3      | Killed Natasha
  2131 | D:3      | Reached XP level 5. HP: 42/47 MP: 4/4
  2136 | D:3      | Noticed Natasha
  2148 | D:3      | Killed Natasha
  2306 | D:3      | Slain by a wight

Illustrated notes

Levels and vault maps discovered:
D:1:      eino_arrival_water_cross, layout_loops_ring
D:2:      layout_loops_ring, minmay_pentomino_t2, uniq_crazy_yiuf_cottage
D:3:      minmay_door_path, layout_rooms, elyvilon_altar_4,
          hangedman_decor_points, amcnicky_mini_rare_corridor_liquid,
          chequers_serial_rivers_micro_c, grunt_decor_cap, uniq_jessica,
          uniq_natasha

Skill      XL: |  1  2  3  4  5 |
---------------+----------------+-----
Fighting       | 4 |  4.8
Axes           | 4 |  4.8
Armour         | 3 4 |  4.0
Dodging        | 3 |  3.6

Action                   |  1- 3 |  4- 6 || total
-------------------------+-------+-------++-------
Melee: Hand axe          |    72 |    60 ||   132
       Headbutt          |     9 |    10 ||    19
Invok: Berserk           |     1 |     1 ||     2
 Stab: Sleeping          |     1 |       ||     1
Armor: Animal skin       |    11 |       ||    11
       Scale mail        |       |    20 ||    20
Dodge: Dodged            |    48 |    25 ||    73

Table legend: (Time is in decaauts)
 A = Elapsed time spent in this place.
 B = Non-inter-level travel time spent in this place.
 C = Inter-level travel time spent in this place.
 D = Time resting spent in this place.
 E = Time spent auto-exploring this place.
 F = Levels seen in this place.
 G = Mean time per level.
                   A        B        C        D        E       F      G
               +--------+--------+--------+--------+--------+-----+--------+
         Total |   2328 |   2182 |    146 |      4 |   1810 |   3 |  776.0 |
       Dungeon |   2328 |   2182 |    146 |      4 |   1810 |   3 |  776.0 |
               +--------+--------+--------+--------+--------+-----+--------+

Top non-repeatable levels by time:
     D:2: 920 daAuts
     D:1: 898 daAuts
     D:3: 510 daAuts
